[Event "Titled Tuesday Blitz July 13 2021"]
[White "Sharapov, Evgeny"]
[Black "Maly, Alexey"]
[WhiteFideId "14103133"]
[BlackFideId "14103184"]
[WhiteElo "2367"]
[BlackElo "2285"]
[Result "1/2-1/2"]
[Round "04"]
[TimeControl "180+1"]
[Date "2021.07.13"]
[WhiteClock "0:02:22"]
[BlackClock "0:02:10"]

1. c4 c5 2. Nf3 Nc6 3. d4 cxd4 4. Nxd4 g6 5. e4 Bg7 6. Be3 Nf6 7. Nc3 d6 8. Be2 O-O 9. O-O Bd7 10. f3 Nxd4 11. Bxd4 Bc6 12. Qd2 Nd7 13. Bf2 a5 14. Rab1 Nc5 15. b3 Qb6 16. Nd5 Bxd5 17. exd5 Qb4 18. Qc2 a4 19. Be1 Qb6 20. Kh1 axb3 21. axb3 Ra3 22. b4 Nd7 1/2-1/2


[Site "https://www.chess.com"]

[Event "Titled Tuesday Blitz July 13 2021"]
[White "Shevelev, Dmitri"]
[Black "Krivonosov, Oleg"]
[WhiteFideId "2802627"]
[BlackFideId "11600349"]
[WhiteElo "2262"]
[BlackElo "2469"]
[Result "1-0"]
[Round "04"]
[TimeControl "180+1"]
[Date "2021.07.13"]
[WhiteClock "0:00:52"]
[BlackClock "0:00:09"]

1. d4 d5 2. Nf3 Nf6 3. Nc3 Bf5 4. Bg5 c6 5. Bxf6 exf6 6. e3 Bb4 7. Bd3 Bg6 8. Qd2 Nd7 9. h4 Qa5 10. a3 Bxc3 11. Qxc3 Qxc3+ 12. bxc3 O-O-O 13. h5 Bxd3 14. cxd3 Rhe8 15. Kd2 Kc7 16. a4 Kd6 17. a5 Rb8 18. Rhb1 b5 19. axb6 Rxb6 20. c4 Rxb1 21. Rxb1 Kc7 22. Kc3 Rb8 23. Ra1 Ra8 24. e4 dxe4 25. dxe4 c5 26. d5 a5 27. Nd2 a4 28. f4 Nb6 29. Nb1 g6 30. Na3 gxh5 31. Nb5+ Kd7 32. e5 Rg8 33. Nd6 Rg3+ 34. Kb2 Rxg2+ 35. Ka3 h4 36. Rb1 Rg3+ 37. Ka2 Rg2+ 38. Ka3 Rg3+ 39. Ka2 h3 40. Rxb6 h2 41. Rb7+ Kd8 42. Nxf7+ Kc8 43. Nd6+ Kd8 44. Rxh7 fxe5 45. fxe5 1-0


[Site "https://www.chess.com"]

[Event "Titled Tuesday Blitz July 13 2021"]
[White "Skatchkov, Valery"]
[Black "Kaasen, Tor Fredrik"]
[WhiteFideId "24195812"]
[BlackFideId "1516647"]
[WhiteElo "2199"]
[BlackElo "2349"]
[Result "0-1"]
[Round "04"]
[TimeControl "180+1"]
[Date "2021.07.13"]
[WhiteClock "0:00:57"]
[BlackClock "0:00:35"]

1. d4 Nf6 2. c4 e6 3. Nc3 Bb4 4. Qc2 O-O 5. e4 d6 6. Bd3 e5 7. d5 Nfd7 8. a3 Bxc3+ 9. Qxc3 Nc5 10. Bc2 a5 11. b4 axb4 12. axb4 Rxa1 13. Qxa1 Ncd7 14. Ne2 Na6 15. Qc3 Nf6 16. Bg5 h6 17. Bh4 g5 18. Bg3 Nh5 19. Qf3 Nxg3 20. hxg3 Nxb4 21. Bd1 g4 22. Qc3 c5 23. dxc6 Nxc6 24. Rxh6 Be6 25. Rh4 Qa5 26. Kf1 Qxc3 27. Nxc3 Bxc4+ 28. Ke1 Ra8 29. Rxg4+ Kf8 30. Ba4 Nd4 31. Rh4 Ke7 32. Kd2 b5 33. Bd1 b4 34. Na4 Bb3 35. Nb2 Ra2 36. Kc1 Ra1+ 37. Kd2 Rb1 0-1


[Site "https://www.chess.com"]

[Event "Titled Tuesday Blitz July 13 2021"]
[White "Slovak_fighter2000"]
[Black "Tristan, Leonardo"]
[BlackFideId "113816"]
[WhiteElo "2500"]
[BlackElo "2404"]
[Result "0-1"]
[Round "04"]
[TimeControl "180+1"]
[Date "2021.07.13"]
[WhiteClock "0:00:16"]
[BlackClock "0:00:27"]

1. d4 d6 2. e4 Nf6 3. Nc3 g6 4. Nf3 Bg7 5. h3 O-O 6. Be2 c5 7. d5 Na6 8. O-O Nc7 9. a4 a6 10. Bg5 Bd7 11. a5 Nb5 12. Nxb5 axb5 13. e5 Ne4 14. Bf4 Rxa5 15. Bd3 Rxa1 16. Qxa1 dxe5 17. Bxe5 Bxe5 18. Nxe5 Nd6 19. Qa7 c4 20. Be2 Bf5 21. c3 f6 22. Nf3 Be4 23. Rd1 Qc7 24. Nd4 Bxd5 25. Qa3 Rd8 26. Qb4 Qb6 27. Nc2 Bc6 28. Ne3 Kf8 29. Ra1 Qc7 30. Qc5 Ne4 31. Qb4 Rd2 32. Re1 Qf4 33. Bf3 Nxf2 34. Nd5 Nxh3+ 35. gxh3 Qg3+ 0-1


[Site "https://www.chess.com"]

[Event "Titled Tuesday Blitz July 13 2021"]
[White "Srihari L R"]
[Black "Rodriguez, Santiago"]
[WhiteFideId "46617116"]
[BlackFideId "3000591"]
[WhiteElo "2121"]
[BlackElo "2256"]
[Result "1-0"]
[Round "04"]
[TimeControl "180+1"]
[Date "2021.07.13"]
[WhiteClock "0:00:09"]
[BlackClock "0:00:14"]

1. c4 e5 2. g3 Nc6 3. Nc3 Bc5 4. Bg2 d6 5. e3 a6 6. Nge2 Ba7 7. a3 h5 8. h3 h4 9. g4 f5 10. gxf5 Bxf5 11. d4 exd4 12. Bxc6+ bxc6 13. Nxd4 Bd7 14. Qf3 Qf6 15. Qe4+ Ne7 16. Bd2 O-O 17. O-O-O Rae8 18. Qd3 Bxd4 19. exd4 Qxf2 20. Ne4 Qf3 21. Qxf3 Rxf3 22. Ng5 Rf2 23. Rde1 Nf5 24. Rxe8+ Bxe8 25. Re1 Bg6 26. Bc3 Rg2 27. Ne6 Ng3 28. Nf4 Rc2+ 29. Kd1 Bf5 30. d5 cxd5 31. Re7 Rxc3 32. bxc3 g5 33. Nxd5 Bxh3 34. Rxc7 Bg4+ 35. Ke1 Be6 36. Nf6+ Kf8 37. Nh7+ Ke8 38. Nxg5 Kd8 39. Nxe6+ 1-0


[Site "https://www.chess.com"]

[Event "Titled Tuesday Blitz July 13 2021"]
[White "Starozhilov, Leonid"]
[Black "Pan, Kevin"]
[WhiteFideId "14106752"]
[BlackFideId "30915708"]
[WhiteElo "2414"]
[BlackElo "2140"]
[Result "1/2-1/2"]
[Round "04"]
[TimeControl "180+1"]
[Date "2021.07.13"]
[WhiteClock "0:00:49"]
[BlackClock "0:00:12"]

1. e4 e5 2. Nf3 Nc6 3. Bb5 a6 4. Ba4 Nf6 5. d3 b5 6. Bb3 Bc5 7. O-O d6 8. h3 h6 9. Nc3 O-O 10. a4 b4 11. Nd5 Bb7 12. Nxf6+ Qxf6 13. Bd5 Rab8 14. Be3 Ne7 15. Bxb7 Rxb7 16. d4 exd4 17. Bxd4 Qe6 18. Bxc5 dxc5 19. Re1 Ng6 20. Qd2 Rb6 21. Qe3 c4 22. Rad1 Rd6 23. Rxd6 Qxd6 24. e5 Qc6 25. e6 Qxa4 26. exf7+ Rxf7 27. Qe4 Nf4 28. Qxc4 Qb5 29. Qe4 Qf5 30. Qxf5 Rxf5 31. Re4 Nxh3+ 32. Kf1 Ng5 33. Nxg5 Rxg5 34. Rxb4 Rb5 35. Rc4 Rxb2 36. Rxc7 a5 37. Ke2 a4 38. Kd2 a3 39. Ra7 Ra2 40. g4 Kh7 41. f4 Kg6 42. Ra6+ Kf7 43. f5 Ra1 44. Kc3 Rg1 1/2-1/2


[Site "https://www.chess.com"]

[Event "Titled Tuesday Blitz July 13 2021"]
[White "Steinberg, Nitzan"]
[Black "Oganisian, Roman"]
[WhiteFideId "2801795"]
[BlackFideId "4153006"]
[WhiteElo "2440"]
[BlackElo "2204"]
[Result "1-0"]
[Round "04"]
[TimeControl "180+1"]
[Date "2021.07.13"]
[WhiteClock "0:00:19"]
[BlackClock "0:00:02"]

1. d4 e6 2. c4 f5 3. Nc3 Nf6 4. g3 Be7 5. Bg2 O-O 6. Nh3 d6 7. Nf4 Qe8 8. b3 c6 9. Nd3 e5 10. d5 Kh8 11. Bb2 c5 12. Qd2 a6 13. a4 Qg6 14. e3 f4 15. exf4 Bf5 16. O-O-O e4 17. Ne1 b5 18. h3 bxc4 19. bxc4 Nbd7 20. g4 Nxg4 21. hxg4 Qxg4 22. Bh3 Qg6 23. Nc2 Nb6 24. Rdg1 Nxc4 25. Qe2 Nxb2 26. Rxg6 Nd3+ 27. Kd2 Bxg6 28. f5 Bxf5 29. Bxf5 Rxf5 30. Nxe4 Nf4 31. Qg4 Rxd5+ 32. Ke1 Nd3+ 33. Kf1 Rf8 34. Ne3 Re5 35. Rh5 Rxe4 36. Qxe4 Nxf2 37. Qxh7# 1-0


[Site "https://www.chess.com"]

[Event "Titled Tuesday Blitz July 13 2021"]
[White "Stocek, Jiri"]
[Black "Csonka, Balazs"]
[WhiteFideId "304760"]
[BlackFideId "742910"]
[WhiteElo "2409"]
[BlackElo "2404"]
[Result "0-1"]
[Round "04"]
[TimeControl "180+1"]
[Date "2021.07.13"]
[WhiteClock "0:00:05"]
[BlackClock "0:01:07"]

1. e4 c6 2. d4 d5 3. e5 Bf5 4. Nc3 e6 5. g4 Bg6 6. Nge2 c5 7. Nf4 cxd4 8. Qxd4 Nc6 9. Bb5 Bxc2 10. Be3 Ne7 11. Rc1 Bg6 12. Nce2 Qa5+ 13. Nc3 a6 14. Bxc6+ Nxc6 15. Qa4 Bb4 16. Qxa5 Bxa5 17. Nxg6 hxg6 18. Bf4 d4 0-1


[Site "https://www.chess.com"]

[Event "Titled Tuesday Blitz July 13 2021"]
[White "Storme, Isak"]
[Black "Tsvetkov, Andrey"]
[WhiteFideId "1728113"]
[BlackFideId "34139360"]
[WhiteElo "2037"]
[BlackElo "2246"]
[Result "1-0"]
[Round "04"]
[TimeControl "180+1"]
[Date "2021.07.13"]
[WhiteClock "0:00:09"]
[BlackClock "0:00:09"]

1. c4 e6 2. d4 d5 3. Nf3 Nf6 4. g3 dxc4 5. Bg2 Nc6 6. O-O Rb8 7. e3 b5 8. b3 cxb3 9. axb3 Be7 10. Ne5 Nxe5 11. dxe5 Nd7 12. Bb2 a6 13. Nd2 O-O 14. Qg4 Bb7 15. Ne4 Bxe4 16. Bxe4 Nc5 17. Rad1 Qe8 18. Bc2 f5 19. exf6 Bxf6 20. Bxf6 Rxf6 21. Rd2 Rd8 22. Rfd1 Rxd2 23. Rxd2 e5 24. Rd5 Qf8 25. Rxe5 Rxf2 26. Bxh7+ Kh8 27. Qh5 Rf1+ 28. Kg2 Rf2+ 29. Kh3 Rxh2+ 30. Kxh2 Qf2+ 31. Kh3 Qf1+ 32. Kh4 Qh1+ 33. Kg5 Ne6+ 34. Rxe6 Qd5+ 35. Kg4 Qd1+ 36. Kh4 Qh1+ 37. Kg5 Qd5+ 38. Bf5+ 1-0


[Site "https://www.chess.com"]

[Event "Titled Tuesday Blitz July 13 2021"]
[White "Sydoryka, Vladyslav"]
[Black "Shukhman, Anna"]
[WhiteFideId "14145928"]
[BlackFideId "54180058"]
[WhiteElo "2200"]
[BlackElo "1628"]
[Result "1-0"]
[Round "04"]
[TimeControl "180+1"]
[Date "2021.07.13"]
[WhiteClock "0:00:07"]
[BlackClock "0:00:39"]

1. c4 f5 2. g3 Nf6 3. Bg2 g6 4. Nc3 Bg7 5. Nf3 O-O 6. O-O d6 7. Rb1 e5 8. b4 e4 9. Ne1 Nc6 10. d3 Ng4 11. Bd2 e3 12. fxe3 Bxc3 13. Bxc3 Nxe3 14. Qd2 Nxf1 15. Qh6 Rf7 16. Bd5 Qf8 17. Bxf7+ Qxf7 18. Kxf1 Ne5 19. Nf3 Nxf3 20. exf3 Be6 21. Re1 Re8 22. Qe3 a6 23. Qd4 Kf8 24. Qa7 Bxc4 25. Rxe8+ Kxe8 26. Qxb7 Bxd3+ 27. Kg1 Qc4 28. Qc8+ Ke7 29. Qh8 Qf7 30. a4 f4 31. Qd4 Qc4 32. Qf6+ Kd7 33. gxf4 Qa2 34. Qd4 Qb1+ 35. Kf2 Qf1+ 36. Kg3 Qg1+ 37. Qxg1 1-0


[Site "https://www.chess.com"]

[Event "Titled Tuesday Blitz July 13 2021"]
[White "Sztokbant, Bernardo Vainzoff"]
[Black "Yuan, Qingyu"]
[WhiteFideId "2115956"]
[BlackFideId "8609772"]
[WhiteElo "2264"]
[BlackElo "2359"]
[Result "0-1"]
[Round "04"]
[TimeControl "180+1"]
[Date "2021.07.13"]
[WhiteClock "0:00:02"]
[BlackClock "0:00:17"]

1. e4 c5 2. Nf3 d6 3. Bb5+ Nd7 4. O-O a6 5. Bd3 Ngf6 6. c3 b5 7. Bc2 Bb7 8. Re1 c4 9. b3 g6 10. bxc4 bxc4 11. Na3 Rc8 12. Rb1 Ba8 13. Qe2 Qc7 14. Rb4 Nb6 15. Qe3 Nfd7 16. Ba4 Bc6 17. Bxc6 Qxc6 18. e5 Nd5 19. Qd4 dxe5 20. Nxe5 Nxe5 21. Rxe5 Nxb4 22. cxb4 Bg7 23. Rxe7+ Kxe7 24. Qxg7 Qf6 25. Qxf6+ Kxf6 26. Bb2+ Ke6 27. Bxh8 Rxh8 28. Nxc4 Rc8 29. d3 Rd8 30. Nb2 Rc8 31. Nc4 Rd8 32. Nb2 Ke5 33. Kf1 Kd4 34. Ke2 Kc3 35. Nc4 Rxd3 36. Ne5 Rd2+ 37. Ke3 Rxa2 38. Nxf7 Kxb4 39. Ne5 a5 40. g4 a4 41. f4 Rxh2 42. Nd3+ Kc3 43. Nc5 a3 44. Ne4+ Kb4 45. Nf2 Rxf2 0-1


[Site "https://www.chess.com"]

[Event "Titled Tuesday Blitz July 13 2021"]
[White "Terry, Renato"]
[Black "Arabidze, Meri"]
[WhiteFideId "3803457"]
[BlackFideId "13604040"]
[WhiteElo "2581"]
[BlackElo "2432"]
[Result "1-0"]
[Round "04"]
[TimeControl "180+1"]
[Date "2021.07.13"]
[WhiteClock "0:00:04"]
[BlackClock "0:00:02"]

1. e4 c5 2. Nf3 e6 3. Nc3 Nc6 4. Bb5 Nge7 5. O-O d6 6. d4 cxd4 7. Nxd4 a6 8. Be2 Nxd4 9. Qxd4 Nc6 10. Qe3 Be7 11. Qg3 O-O 12. Rd1 Ne5 13. a4 Bd7 14. Bf4 Qc7 15. Rd2 Bc6 16. Rad1 Rab8 17. h4 b5 18. axb5 axb5 19. b4 Rfc8 20. h5 Be8 21. Nb1 f6 22. c3 Ra8 23. Qh3 Bd7 24. Bxe5 fxe5 25. Bg4 Qc4 26. Rxd6 Bxd6 27. Rxd6 Ra1 28. Rxd7 Rxb1+ 29. Kh2 Qf1 30. Qf3 Kh8 31. Bxe6 Qh1+ 32. Kg3 Qc1 33. Kh2 Qh1+ 34. Kg3 Qc1 35. Qf5 Qf4+ 36. Qxf4 exf4+ 37. Kxf4 h6 38. Rb7 Rf8+ 39. Bf5 Rc1 40. Rxb5 Rxc3 41. f3 Rc2 42. g4 Rb2 43. Rb7 Rd8 44. g5 hxg5+ 45. Kxg5 Rf2 46. Bg4 Kg8 47. b5 Rb2 48. e5 Rd5 49. Be6+ Kh7 50. Bxd5 1-0


[Site "https://www.chess.com"]

[Event "Titled Tuesday Blitz July 13 2021"]
[White "Tokman, Ariel"]
[Black "Vasquez Schroeder, Rodrigo"]
[WhiteFideId "117420"]
[BlackFideId "3400042"]
[WhiteElo "2345"]
[BlackElo "2572"]
[Result "0-1"]
[Round "04"]
[TimeControl "180+1"]
[Date "2021.07.13"]
[WhiteClock "0:00:13"]
[BlackClock "0:00:30"]

1. d4 Nf6 2. Bf4 e6 3. e3 c5 4. Nd2 Nc6 5. Ngf3 d5 6. c3 h6 7. Bb5 Bd7 8. O-O Nh5 9. Bxc6 Bxc6 10. Ne5 Nxf4 11. exf4 cxd4 12. cxd4 Bd6 13. Rc1 Rc8 14. Ndf3 Bb5 15. Re1 O-O 16. Qb3 Qa5 17. f5 Bb4 18. Rxc8 Rxc8 19. Ra1 Ba4 20. Qe3 exf5 21. Qf4 Bc2 22. h4 Be4 23. h5 Bd6 24. Rc1 Rxc1+ 25. Qxc1 Qc7 26. Qd2 Bxf3 27. Nxf3 Bf4 28. Qd1 Qc1 29. Qxc1 Bxc1 30. b3 Kf8 31. Nh4 f4 32. Kf1 Bb2 33. Nf5 g6 34. hxg6 fxg6 35. Nxh6 Bxd4 36. Ke2 Kg7 37. Ng4 g5 38. Kd3 Bc5 39. Kc3 Kf7 40. b4 Bb6 41. f3 Ke6 42. a3 Bc7 43. Kd3 Bd6 44. Kc3 Be5+ 45. Kd3 b5 46. Nh6 Bb2 47. Kc2 Bxa3 48. Kb3 Bc1 49. Ng4 Be3 50. Kc2 Bb6 51. Kc3 Bc7 52. Kd3 Bd6 53. Kc3 d4+ 54. Kb3 d3 55. Nf2 d2 56. Nd1 a6 57. Kc3 Kd5 58. Nf2 Be5+ 59. Kxd2 Kc4 60. Nd3 Bd6 61. Nf2 Bxb4+ 62. Kc2 Be7 63. Ne4 a5 0-1


[Site "https://www.chess.com"]

[Event "Titled Tuesday Blitz July 13 2021"]
[White "Tologon tegin, Semetei"]
[Black "Chiu, Isaac"]
[WhiteFideId "13800574"]
[BlackFideId "30900654"]
[WhiteElo "2224"]
[BlackElo "2117"]
[Result "1-0"]
[Round "04"]
[TimeControl "180+1"]
[Date "2021.07.13"]
[WhiteClock "0:00:08"]
[BlackClock "0:00:03"]

1. d4 Nf6 2. c4 g6 3. Nc3 d5 4. cxd5 Nxd5 5. e4 Nxc3 6. bxc3 Bg7 7. Bc4 O-O 8. Ne2 c5 9. O-O Nc6 10. Be3 Qa5 11. Rb1 cxd4 12. cxd4 Rd8 13. d5 Ne5 14. Bb3 e6 15. f4 Ng4 16. Bd4 exd5 17. exd5 Bf5 18. Rc1 Nf6 19. Nc3 Rd7 20. Qf3 Rad8 21. h3 h5 22. Rfd1 a6 23. Be5 Qa3 24. d6 b5 25. Kh2 Kh7 26. Qe3 h4 27. Qd4 Nh5 28. Ne4 Bxe4 29. Qxe4 f6 30. Ba1 Rxd6 31. Rxd6 Rxd6 32. Rc7 Rd8 33. Qb7 Rg8 34. Bxg8+ Kh6 35. Rxg7 Nxg7 36. Qf3 Nf5 37. Bxf6 Qd6 38. Qg4 Qxf6 39. Bd5 Kg7 40. Be4 1-0


[Site "https://www.chess.com"]

[Event "Titled Tuesday Blitz July 13 2021"]
[White "Toniutti, Ezio"]
[Black "Yeletsky, Ivan"]
[WhiteFideId "113034"]
[BlackFideId "24180327"]
[WhiteElo "2215"]
[BlackElo "2344"]
[Result "0-1"]
[Round "04"]
[TimeControl "180+1"]
[Date "2021.07.13"]
[WhiteClock "0:00:02"]
[BlackClock "0:00:40"]

1. d4 Nf6 2. c4 e6 3. g3 c5 4. d5 exd5 5. cxd5 d6 6. Nc3 g6 7. Nf3 Bg7 8. Bg2 O-O 9. O-O Bf5 10. Bf4 Re8 11. Qb3 Na6 12. Qxb7 Nb4 13. a3 Rb8 14. Qxa7 Re7 15. Qa4 Bc2 16. b3 Nbxd5 17. Nxd5 Nxd5 18. Bg5 Bxb3 19. Bxe7 Qxe7 20. Qc6 Bxa1 21. Rxa1 Nc3 22. Re1 Ba4 23. Qa6 Bb5 24. Qa5 Nxe2+ 25. Kh1 Qf6 26. Qd2 Nc3 27. h4 Kg7 28. Ng5 h6 29. Ne4 Nxe4 30. Rxe4 Bc6 31. Rf4 Bxg2+ 32. Kxg2 Qe5 33. Kh2 Rb2 34. Qd1 d5 35. Kg1 c4 36. Qf3 Rb7 37. h5 g5 38. Rf5 Qe4 0-1


[Site "https://www.chess.com"]

[Event "Titled Tuesday Blitz July 13 2021"]
[White "Tsaruk, Maksim"]
[Black "Aldokhin, Ivan"]
[WhiteFideId "13511173"]
[BlackFideId "24115720"]
[WhiteElo "2184"]
[BlackElo "2306"]
[Result "1-0"]
[Round "04"]
[TimeControl "180+1"]
[Date "2021.07.13"]
[WhiteClock "0:00:07"]
[BlackClock "0:00:02"]

1. e4 c5 2. Nf3 e6 3. d4 cxd4 4. Nxd4 a6 5. c4 Qc7 6. Nc3 Nf6 7. a3 d6 8. Be3 Be7 9. Be2 O-O 10. O-O b6 11. Rc1 Bb7 12. f3 Nbd7 13. b4 Rac8 14. Qd2 Qb8 15. Rfd1 Bd8 16. Nb3 Bc7 17. Bf4 Ne8 18. a4 f5 19. exf5 Rxf5 20. Nd4 Rxf4 21. Qxf4 e5 22. Qf5 exd4 23. Nd5 Bxd5 24. cxd5 Nef6 25. Bxa6 Re8 26. Bb5 Re5 27. Qc2 Nc5 28. bxc5 dxc5 29. Rxd4 Rh5 30. d6 Bxd6 31. Rxd6 Qxd6 32. g3 Kf8 33. Bc4 Re5 34. Rd1 Qe7 35. Qd2 h5 36. Kf2 h4 37. Qd6 hxg3+ 38. hxg3 Nd7 39. Qxd7 Qxd7 40. Rxd7 g5 41. Rf7+ Ke8 42. Rf6 Re7 43. Rxb6 Kd8 44. Re6 Rd7 45. Re5 Rd4 46. Rxc5 Ke7 47. a5 Rd2+ 48. Ke3 Rc2 49. a6 Kd6 50. Rd5+ Kc6 51. Kd3 Rc1 52. a7 Kb7 53. Ra5 Rd1+ 54. Kc2 Ka8 55. Kxd1 g4 56. Bd5# 1-0


[Site "https://www.chess.com"]

[Event "Titled Tuesday Blitz July 13 2021"]
[White "Vlassov, Nikolai"]
[Black "Bazeev, German"]
[WhiteFideId "4103360"]
[BlackFideId "24119350"]
[WhiteElo "2407"]
[BlackElo "2462"]
[Result "1/2-1/2"]
[Round "04"]
[TimeControl "180+1"]
[Date "2021.07.13"]
[WhiteClock "0:00:08"]
[BlackClock "0:00:11"]

1. e4 c5 2. c3 Nf6 3. e5 Nd5 4. d4 cxd4 5. cxd4 d6 6. Bc4 e6 7. Nf3 Nc6 8. O-O dxe5 9. dxe5 Nb6 10. Qxd8+ Nxd8 11. Bb3 Bd7 12. Nc3 Nc6 13. Bg5 h6 14. Bh4 g5 15. Bg3 g4 16. Nd2 Nd4 17. Nde4 O-O-O 18. Bh4 Re8 19. Nf6 Rd8 20. Nxg4 Re8 21. Nf6 Rd8 22. Nfe4 Re8 23. Nf6 Rd8 24. Nce4 Bc6 25. f4 Nxb3 26. axb3 Rd4 27. Nd6+ Bxd6 28. exd6 Rxd6 29. Rxa7 Rhd8 30. Bf2 Rd2 31. Ng4 Rxb2 32. Ne5 Rdd2 33. Nxc6 bxc6 34. Rxf7 Nd5 35. f5 exf5 36. Rxf5 Rxb3 37. Re1 Rdb2 38. Rf7 Rb1 39. h4 Rxe1+ 40. Bxe1 Re3 41. Kf2 Re6 42. g4 c5 43. Rf5 Rd6 44. Kf3 Kd7 45. Bg3 Rf6 46. Ke4 Rxf5 47. Kxf5 Ne3+ 48. Kf4 Nd5+ 49. Ke5 Ne3 50. g5 hxg5 51. hxg5 Ke7 52. g6 Kf8 53. Bf2 Ng4+ 54. Kd5 Nxf2 55. Kxc5 Kg7 56. Kd5 Kxg6 1/2-1/2


[Site "https://www.chess.com"]

[Event "Titled Tuesday Blitz July 13 2021"]
[White "Vovk, Orest"]
[Black "Jarovinsky, Alexey"]
[WhiteFideId "14113490"]
[BlackFideId "14115131"]
[WhiteElo "2203"]
[BlackElo "2446"]
[Result "1-0"]
[Round "04"]
[TimeControl "180+1"]
[Date "2021.07.13"]
[WhiteClock "0:00:04"]
[BlackClock "0:00:01"]

1. g4 Nc6 2. Bg2 d5 3. h3 e5 4. c4 d4 5. Bxc6+ bxc6 6. Qa4 Bd7 7. d3 c5 8. Qa6 Bd6 9. Nd2 Ne7 10. Ne4 Bc6 11. Nf3 O-O 12. Qa5 f5 13. gxf5 Rxf5 14. Nfd2 Ng6 15. f3 Nf4 16. Nb3 Qh4+ 17. Kd1 Ne6 18. Qe1 Qe7 19. Bd2 Ba4 20. Kc1 Rb8 21. Na5 Rb6 22. b3 Be8 23. Rg1 Kh8 24. Qg3 Rh5 25. Kc2 Bg6 26. Rg2 Ra6 27. Rag1 Qd8 28. a4 c6 29. Qg4 Nf8 30. Nxd6 Qxd6 31. Qc8 Rb6 32. Nb7 Qe7 33. Bg5 Qf7 34. Nd6 Qg8 35. Be7 Ne6 36. Qd7 Bf5 37. Nxf5 Rxf5 38. Bd6 Rh5 39. h4 Rh6 40. Rg4 Rh5 41. Be7 Rb8 42. Bd6 Re8 43. Bc7 Nf8 44. Qxc6 Ng6 45. Bd6 Rc8 46. Qd5 Nf4 47. Qxc5 Ne6 48. Rxg7 Nxc5 49. Rxg8+ Rxg8 50. Bxc5 Rxg1 51. Bd6 Rg2 52. Kd2 Rf2 53. c5 Rg2 54. b4 Rg8 55. b5 Rc8 56. a5 Kg8 57. b6 axb6 58. cxb6 Rh6 59. b7 Rd8 60. b8=Q Rxb8 61. Bxb8 Ra6 62. Bxe5 Rxa5 63. Bxd4 Ra2+ 64. Ke3 Kf7 65. f4 Ra4 66. Be5 Kg6 67. Kf3 Kh5 68. Kg3 Ra3 69. Kf3 Rb3 70. Ke4 Kxh4 71. f5 Kg5 72. Bf4+ Kf6 73. Be5+ Kf7 74. d4 Rb4 75. Kf4 Ra4 76. e4 Ra1 77. Bc7 Rd1 78. d5 Rf1+ 79. Ke5 h5 80. Bd8 Rh1 81. d6 h4 82. Kf4 h3 83. Kg3 Re1 84. d7 Rd1 85. Kxh3 Rxd7 86. Bg5 Rd4 87. e5 Rd5 88. e6+ Ke8 89. Kg4 1-0


[Site "https://www.chess.com"]

[Event "Titled Tuesday Blitz July 13 2021"]
[White "Xie, Bryan"]
[Black "Novikov, Evgenij"]
[WhiteFideId "30941296"]
[BlackFideId "4125380"]
[WhiteElo "1899"]
[BlackElo "2242"]
[Result "1-0"]
[Round "04"]
[TimeControl "180+1"]
[Date "2021.07.13"]
[WhiteClock "0:00:17"]
[BlackClock "0:00:12"]

1. e4 c5 2. Nf3 d6 3. d4 cxd4 4. Nxd4 Nf6 5. Nc3 a6 6. Be3 e5 7. Nb3 Be6 8. Be2 Be7 9. O-O O-O 10. f4 b5 11. f5 Bc4 12. Bxc4 bxc4 13. Nd2 Qc7 14. Qf3 Nc6 15. Rad1 Nd4 16. Bxd4 exd4 17. Nd5 Nxd5 18. exd5 Bg5 19. Ne4 Be3+ 20. Kh1 f6 21. c3 Rab8 22. cxd4 Bh6 23. Qe2 Rfe8 24. Qc2 Qb6 25. Rfe1 Rec8 26. Re2 Kf7 27. Rde1 Rb7 28. Qc3 Rd7 29. Qg3 Rcd8 30. Qc3 Qb5 31. Rc2 Qxd5 32. Ng3 Rc7 33. Re6 Bf4 34. Rce2 Bxg3 35. Qxg3 Qxf5 36. h3 Qxe6 37. Rxe6 Kxe6 38. Qe3+ Kf7 39. d5 Rb8 40. Qe6+ Kg6 41. Qxd6 Rcb7 42. Qxa6 Rxb2 43. Qxc4 R2b6 44. Qg4+ Kf7 45. Qd7+ Kg6 46. Kh2 h5 47. d6 R6b7 48. Qe6 Kh6 49. Qe3+ Kh7 50. Qe4+ g6 51. Qe6 Kg7 52. d7 Rf8 53. Qe7+ Rf7 54. Qxf7+ Kxf7 55. d8=N+ Ke7 56. Nxb7 Kd7 57. Nc5+ Kc6 58. Ne4 f5 59. Nf6 Kb5 60. Kg3 Ka4 61. Kf4 Ka3 62. Kg5 Kxa2 63. Kxg6 f4 64. Nxh5 Kb3 65. Nxf4 Kc4 66. h4 Kd4 67. h5 Ke5 68. h6 Kxf4 69. h7 Kg3 70. h8=Q Kxg2 71. Qh4 Kf3 72. Kf5 Kg2 73. Qf4 Kh3 74. Kg5 Kg2 75. Kg4 Kh1 76. Qf3+ Kh2 77. Qf2+ Kh1 78. Qe2 Kg1 79. Kg3 Kh1 80. Qg2# 1-0


[Site "https://www.chess.com"]

[Event "Titled Tuesday Blitz July 13 2021"]
[White "Zhigalko, Sergei"]
[Black "David, Alexandru-Vasile"]
[WhiteFideId "13502956"]
[BlackFideId "1223453"]
[WhiteElo "2662"]
[BlackElo "2393"]
[Result "1-0"]
[Round "04"]
[TimeControl "180+1"]
[Date "2021.07.13"]
[WhiteClock "0:00:11"]
[BlackClock "0:00:01"]

1. e4 c5 2. Nf3 e6 3. c3 d5 4. e5 d4 5. Bd3 Bd7 6. O-O Bc6 7. Re1 Be7 8. Be4 Bxe4 9. Rxe4 Qd5 10. d3 Nc6 11. cxd4 cxd4 12. Nbd2 Nh6 13. Nb3 Nf5 14. g4 Nh4 15. Nxh4 Bxh4 16. g5 Nxe5 17. Nxd4 Ng6 18. Nf3 Bxf2+ 19. Kxf2 O-O-O 20. Be3 Kb8 21. Qa4 a6 22. Qd4 Qxd4 23. Rxd4 e5 24. Rxd8+ Rxd8 25. d4 f6 26. gxf6 gxf6 27. dxe5 fxe5 28. Rc1 Rf8 29. Ke2 e4 30. Ng5 Nf4+ 31. Bxf4+ Rxf4 32. Rg1 Rh4 33. Rg2 h6 34. Ne6 1-0


[Site "https://www.chess.com"]

[Event "Titled Tuesday Blitz July 13 2021"]
[White "Zubov, Alexander"]
[Black "Quizon, Daniel"]
[WhiteFideId "14109409"]
[BlackFideId "5217911"]
[WhiteElo "2740"]
[BlackElo "2329"]
[Result "1-0"]
[Round "04"]
[TimeControl "180+1"]
[Date "2021.07.13"]
[WhiteClock "0:00:38"]
[BlackClock "0:00:20"]

1. e4 c5 2. Nf3 e6 3. g3 d6 4. Bg2 Nc6 5. O-O Nf6 6. Re1 g6 7. d4 cxd4 8. Nxd4 e5 9. Nb5 a6 10. N5c3 Bg7 11. Bg5 O-O 12. Nd5 Be6 13. a4 Bxd5 14. exd5 Ne7 15. a5 Rc8 16. Be3 Nf5 17. Bb6 Qe8 18. f4 Qb5 19. fxe5 dxe5 20. b3 e4 21. c4 Qb4 22. Ra4 Qd6 23. Nc3 e3 24. g4 Nxg4 25. Qxg4 Bxc3 26. Re2 Rfe8 27. Bh3 Re5 28. Qf4 Rce8 29. Bxf5 gxf5 30. Rxe3 Kh8 31. Ra2 Qf6 32. Rg2 Bxa5 33. Bd4 Bb6 34. c5 Bxc5 35. Bxc5 Rxe3 36. Bxe3 Qa1+ 37. Kf2 Qb2+ 38. Kf3 Qxb3 39. Qd4+ 1-0


[Site "https://www.chess.com"]

[Event "Titled Tuesday Blitz July 13 2021"]
[White "Zubritskiy, Artyom"]
[Black "Garcia, Gabriel Gonzaga"]
[WhiteFideId "4181247"]
[BlackFideId "2138956"]
[WhiteElo "2559"]
[BlackElo "2240"]
[Result "1-0"]
[Round "04"]
[TimeControl "180+1"]
[Date "2021.07.13"]
[WhiteClock "0:00:07"]
[BlackClock "0:00:09"]

1. c4 Nf6 2. g3 g6 3. Bg2 Bg7 4. Nc3 d6 5. d4 O-O 6. Nf3 c5 7. O-O Bd7 8. dxc5 dxc5 9. Ne5 Nc6 10. Nxc6 Bxc6 11. Bxc6 bxc6 12. Na4 Qa5 13. Bd2 Qa6 14. Qc2 Nd7 15. Rad1 Rfd8 16. b3 h6 17. Be3 Qa5 18. Rd3 Nb6 19. Nxc5 Rxd3 20. Nxd3 Rd8 21. Rd1 Qf5 22. Nb4 Rxd1+ 23. Qxd1 c5 24. Qd8+ Kh7 25. Nd3 e5 26. Nxc5 Qb1+ 27. Kg2 Qxa2 28. Qd3 Nc8 29. g4 Ne7 30. Qd7 Bf8 31. Qe8 Kg7 32. Nd7 1-0


[Site "https://www.chess.com"]